 Dungeon Crawl Stone Soup version 0.20-a0-1122-gb7cbeb9 (console) character file.

68868 sorlin the Black Belt (level 15, -3/194 HPs)
             Began as an Octopode Transmuter on May 14, 2017.
             Was the Champion of Ru.
             Slain by a wolf spider simulacrum (6 damage)
             ... in an ice cave on May 15, 2017.
             The game lasted 02:42:45 (34435 turns).

sorlin the Black Belt (Octopode Transmuter)        Turns: 34435, Time: 02:42:46

Health: -3/194     AC:  7    Str: 18    XL:     15   Next: 28%
Magic:  19/19      EV: 24    Int: 20    God:    Ru [******]
Gold:   1206       SH:  0    Dex: 32    Spells: 6/18 levels left

rFire    . . .     SeeInvis +     - Unarmed
rCold    + + +     Gourm    .   (helmet currently unavailable)
rNeg     + + .     Faith    .   T - amulet of regeneration
rPois    +         Spirit   .   U - ring of Daatz {rPois MR+ Str+4 Int+2 SInv}
rElec    .         Reflect  .   r - ring of stealth
rCorr    .         Harm     .   V - +2 ring of dexterity
MR       +++..     NoTele   +   G - ring "Xuclolicla" {Fire -Tele rN++ Dex+5}
Stlth    ..........             q - ring of protection from cold
Regen    0.9/turn               R - +5 ring of dexterity
MPRegen  0.2/turn               D - ring of protection from magic

@: agile, berserking, exhausted, ice-form, drained, very quick
A: almost no armour, stealthy swim, amphibious, 7 rings, (constrict 7), clumsy
1, screaming 1, wild magic 1, missing a hand, cowardly, reduced EV 1, MP-powered
wands
a: End Transformation, Draw Out Power, Power Leap, Apocalypse, Renounce Religion


You were in an ice cave.
You worshipped Ru.
Ru was exalted by your worship.
You were not hungry.
You were a creature of crystalline ice.
You visited 3 branches of the dungeon, and saw 20 of its levels.
You also visited: Labyrinth, Ice Cave and Volcano.

You collected 1516 gold pieces.
You spent 310 gold pieces at shops.


Innate Abilities, Weirdness & Mutations

You cannot wear most types of armour.
You are very stealthy in the water. (Stealth+)
You are amphibious.
You can wear up to seven rings at the same time.
((You can use your tentacles to constrict seven enemies at once.))
((Your skin changes colour to match your surroundings (Stealth+).))
You are clumsy. (Dex -2)
((Your rubbery body absorbs attacks. (AC +1, EV +1)))
You are missing a hand.
Your cowardice makes you less effective in combat with threatening monsters.
You have somewhat slow reflexes. (EV -5)
You occasionally shout uncontrollably at your foes.
Your spells are a little harder to cast, but a little more powerful.
You expend magic power (3 MP) to strengthen your wands.


   Skills:
 + Level 11.8(10.5) Fighting
 + Level 13.6(12.3) Dodging
 - Level 16.0(14.5) Unarmed Combat
 - Level 2.0(1.0) Spellcasting
 - Level 7.7(6.5) Transmutations
 - Level 6.0(4.8) Ice Magic
 - Level 1.3(0.3) Poison Magic
 - Level 5.7(4.6) Evocations


You had 6 spell levels left.
You knew the following spells:

 Your Spells              Type           Power        Failure   Level  Hunger
q - Spider Form           Tmut/Pois      ###.......   19%         3    ####...
s - Sticks to Snakes      Tmut           #####...     3%          2    ###....
w - Ice Form              Ice/Tmut       ####....     24%         4    #####..
z - Regeneration          Chrm/Necr      #.........   54%         3    ####...

Inventory:

Missiles
 a - 354 arrows
 k - 406 stones (quivered)
 w - 3 throwing nets
Jewellery
 q - a ring of protection from cold (on tentacle)
 r - a ring of stealth (right front paw)
 D - a ring of protection from magic (on tentacle)
 G - the ring "Xuclolicla" (on tentacle) {Fire -Tele rN++ Dex+5}
   (You found it on level 7 of the Dungeon)

   [ring of fire]

   It enhances your fire magic.
   It affects your dexterity (+5).
   It protects you from fire.
   It makes you vulnerable to cold.
   It greatly protects you from negative energy.
   It prevents most forms of teleportation.
 R - a +5 ring of dexterity (on tentacle)
 T - an amulet of regeneration (around neck)
 U - the ring of Daatz (left front paw) {rPois MR+ Str+4 Int+2 SInv}
   (You acquired it on level 3 of the Lair of Beasts)

   [ring of strength]

   It affects your strength (+4).
   It affects your intelligence (+2).
   It protects you from poison.
   It affects your resistance to hostile enchantments.
   It lets you see invisible.
 V - a +2 ring of dexterity (on tentacle)
Wands
 e - a wand of confusion (29/48)
 x - a wand of acid (0/15)
 y - a wand of polymorph (9/24)
 A - a wand of paralysis (11/24)
 B - a wand of enslavement (5/24)
 H - a wand of digging (8/24)
 Q - a wand of iceblast (0/15)
Scrolls
 b - a scroll of enchant armour
 d - 6 scrolls of magic mapping {!r}
 f - 2 scrolls of recharging
 g - a scroll of blinking
 i - 6 scrolls of teleportation {!r}
 j - a scroll of identify
 n - 10 scrolls of remove curse
 s - 5 scrolls of immolation {!r}
 t - 2 scrolls of fear {!r}
 C - 2 scrolls of fog
 Y - a scroll of silence {unknown}
Potions
 l - 2 potions of mutation {!q}
 o - 2 potions of lignification {!q}
 p - 2 potions of haste {!q}
 v - 11 potions of flight
 z - 4 potions of heal wounds {!q}
 E - a potion of experience {unknown}
 I - 3 potions of might {!q}
 J - a potion of agility {!q}
 K - a potion of magic {!q}
 L - 5 potions of curing
 N - 2 potions of resistance {unknown}
 O - 3 potions of brilliance {unknown}
Miscellaneous
 m - a lamp of fire (inert)
 X - a lightning rod (4/4) {!a}
Comestibles
 c - 3 bread rations {!e}
 h - 13 meat rations {!e}
 S - 7 fruits


Message History

The wolf spider simulacrum hits you!
* * * LOW HITPOINT WARNING * * *
The wolf spider simulacrum freezes you. You resist.
* * * LOW HITPOINT WARNING * * *
The wolf spider simulacrum bites you but does no damage.
The death yak simulacrum misses you.
You take 11 damage.
You punch the death yak simulacrum!
The death yak simulacrum is severely damaged.
The wolf spider simulacrum hits you but does no damage.
The wolf spider simulacrum bites you.
* * * LOW HITPOINT WARNING * * *
The wolf spider simulacrum freezes you. You resist.
* * * LOW HITPOINT WARNING * * *
The death yak simulacrum gores you!
* * * LOW HITPOINT WARNING * * *
The death yak simulacrum freezes you! You resist.
* * * LOW HITPOINT WARNING * * *
You take 33 damage.
Really quaff
z - 5 potions of heal wounds {!q}?
You feel much better. The wolf spider simulacrum hits you!
* * * LOW HITPOINT WARNING * * *
The wolf spider simulacrum freezes you. You resist.
* * * LOW HITPOINT WARNING * * *
The wolf spider simulacrum completely misses you.
Okay, then.
Unknown command.
Really quaff
W - a potion of berserk rage {!q}?
A red film seems to cover your vision as you go berserk!
You feel yourself moving faster!
You feel mighty!
The wolf spider simulacrum barely misses you.
The wolf spider simulacrum misses you. The death yak simulacrum gores you!
* * * LOW HITPOINT WARNING * * *
The death yak simulacrum freezes you. You resist.
* * * LOW HITPOINT WARNING * * *
The wolf spider simulacrum misses you.
The wolf spider simulacrum completely misses you.
You take 6 damage.
You punch the death yak simulacrum!
The death yak simulacrum is almost destroyed.
The death yak simulacrum gores you!
* * * LOW HITPOINT WARNING * * *
The death yak simulacrum freezes you. You resist.
* * * LOW HITPOINT WARNING * * *
You take 14 damage.
You hit the death yak simulacrum.
The death yak simulacrum vapourises!
The wolf spider simulacrum barely misses you.
The wolf spider simulacrum bites you.
You die...

#### ##.Y##
##
##..Z§##.Z##
#..........#
#.∩.∩.......
#.......##..
##....### .
##..## ####


You could see a wolf spider simulacrum.

Vanquished Creatures
  Nessos (D:13)
  A minotaur (Lab)
  Erolcha (D:11)
  Harold (D:10)
  4 hydras
  6 two-headed ogres
  Erica (D:11)
  13 death yaks
  Sonja (Lair:3)
  An obsidian statue (D:9)
  Pikel (D:10)
  A deep elf mage (D:13)
  2 wolf spiders (Lair:4)
  4 ugly things
  A cyclops (D:12)
  A manticore (D:13)
  4 elephants (Lair:6)
  2 oklob plants (Lair:1)
  A salamander (Volcano)
  5 black mambas
  3 centaur zombies
  2 merfolk sirens (Lair:3)
  Maurice (D:13)
  A gargoyle (D:11)
  12 spiny frogs
  4 komodo dragons
  4 rime drakes
  2 ice devils (D:13)
  12 polar bears
  A queen bee (D:9)
  2 merfolk (Lair:3)
  A troll (D:10)
  Grinder (D:3)
  A hornet (Lair:4)
  3 raiju (Lair:6)
  6 hippogriffs
  15 blink frogs
  Sigmund (D:5)
  The ghost of Talea the Ducker, an amateur SpFi of Uskayaw (D:5)
  3 redbacks (Lair:2)
  3 wyverns
  A fire bat (Volcano)
  46 yaks
  A hungry ghost (D:8)
  Eustachio (D:6)
  A basilisk (Lair:3)
  3 death yak simulacra (IceCv)
  A steam dragon (Lair:2)
  Edmund (D:4)
  4 wargs (Lair:6)
  11 water moccasins
  11 porcupines
  16 hell hounds
  5 orc warriors
  An ice beast (D:10)
  A sky beast (D:11)
  A phantom (D:10)
  13 black bears
  3 ogres
  4 slaves
  35 wolves
  8 centaurs
  12 crocodiles
  A big kobold (D:9)
  Blork the orc (D:9)
  13 bullfrogs
  A wyvern zombie (D:10)
  A wyvern skeleton (D:9)
  3 scorpions
  23 killer bees
  14 wights
  8 howler monkeys
  6 crimson imps
  3 electric eels (Lair:5)
  4 bullfrog zombies
  A quasit (D:9)
  7 hounds
  2 bullfrog skeletons
  10 orc priests
  A centaur skeleton (D:10)
  4 jellies
  Ijyb (D:5)
  10 orc wizards
  2 iguanas (D:11)
  9 worker ants
  2 hound zombies
  A hound skeleton (D:4)
  A worker ant zombie (D:5)
  19 adders
  A shadow imp (D:9)
  An ooze (D:2)
  An adder zombie (D:8)
  3 worms
  8 leopard geckos
  44 orcs
  4 giant cockroaches
  9 hobgoblins
  9 jackals
  4 quokkas
  3 ball pythons
  A ball python zombie (D:5)
  6 bats
  2 frilled lizards
  6 goblins
  11 kobolds
  A leopard gecko skeleton (D:4)
  A leopard gecko zombie (D:7)
  2 quokka skeletons
  9 rats
  5 plants
590 creatures vanquished.

Vanquished Creatures (collateral kills)
  An ice beast (D:9)
  An ogre (D:5)
  A killer bee (D:9)
  A crimson imp (D:6)
  2 adders
  An orc (D:6)
  A giant cockroach (D:2)
  A hobgoblin (D:2)
  A jackal (D:6)
10 creatures vanquished.

Vanquished Creatures (others)
  A two-headed ogre (Volcano)
  A death yak (Lair:6)
  A black mamba (Lair:1)
  2 spiny frogs
  A komodo dragon (Lair:1)
  2 yaks
  A water moccasin (Lair:4)
  A phantom (D:5)
  A killer bee (D:9)
  A centaur (Volcano)
  2 wolves
  3 bullfrogs
  A quokka (D:9)
  2 bushes
  30 fungi
  44 plants
94 creatures vanquished.

Grand Total: 694 creatures vanquished

Notes
Turn   | Place    | Note
-------+----------+-------------------------------------------
     0 | D:1      | sorlin the Octopode Transmuter began the quest for the Orb.
     0 | D:1      | Reached XP level 1. HP: 13/13 MP: 3/3
   340 | D:1      | HP: 3/13 [jackal (1)]
   341 | D:1      | Reached XP level 2. HP: 4/18 MP: 5/5
   562 | D:1      | Learned a level 2 spell: Sticks to Snakes
  1077 | D:1      | Reached skill level 4 in Unarmed Combat
  1572 | D:2      | Reached XP level 3. HP: 23/23 MP: 6/6
  1782 | D:2      | Learned a level 3 spell: Spider Form
  2622 | D:2      | Reached XP level 4. HP: 29/29 MP: 7/7
  2851 | D:2      | Reached skill level 2 in Fighting
  3272 | D:3      | HP: 6/29 [orc priest/divine providence (10)]
  3661 | D:3      | Noticed a moth of wrath
  3697 | D:3      | Reached XP level 5. HP: 34/34 MP: 8/8
  3967 | D:3      | Noticed Grinder
  4099 | D:3      | Reached skill level 5 in Unarmed Combat
  4571 | D:4      | Reached skill level 3 in Dodging
  4875 | D:4      | Reached XP level 6. HP: 29/39 MP: 9/9
  5338 | D:4      | Found a sacrificial altar of Ru.
  5344 | D:4      | Became a worshipper of Ru the Awakened
  5383 | D:4      | HP: 11/39 [worker ant (3)]
  5386 | D:4      | Gained mutation: You occasionally shout uncontrollably at your foes. [potion of mutation]
  5386 | D:4      | Gained mutation: Your spells are a little harder to cast, but a little more powerful. [potion of mutation]
  5386 | D:4      | Gained mutation: You are agile. (Dex +2) [potion of mutation]
  5388 | D:4      | HP: 11/58 [poisoned by an orc priest]
  5523 | D:4      | Noticed Edmund
  5804 | D:5      | Entered Level 5 of the Dungeon
  5939 | D:5      | Reached skill level 6 in Unarmed Combat
  5995 | D:5      | Found Ikuweatu's Food Shoppe.
  5999 | D:5      | Noticed Sigmund
  6045 | D:5      | Noticed Talea's ghost (amateur SpFi)
  6234 | D:5      | Killed Talea's ghost
  6234 | D:5      | Reached skill level 4 in Dodging
  6234 | D:5      | Reached XP level 7. HP: 31/45 MP: 10/10
  6397 | D:5      | Reached skill level 7 in Unarmed Combat
  6414 | D:5      | Found a staircase to the Ecumenical Temple.
  6433 | Temple   | Entered the Ecumenical Temple
  6715 | D:5      | Noticed Ijyb
  6732 | D:5      | Killed Ijyb
  7067 | D:4      | Found a glowing golden altar of the Shining One.
  7393 | D:4      | Gained mutation: Your cowardice makes you less effective in combat with threatening monsters. [Ru sacrifice]
  7393 | D:4      | Reached * piety under Ru
  7507 | D:5      | Reached skill level 5 in Dodging
  7507 | D:5      | Reached skill level 1 in Evocations
  7507 | D:5      | Reached XP level 8. HP: 47/50 MP: 11/11
  8327 | D:6      | Reached skill level 2 in Evocations
  8337 | D:6      | Reached skill level 3 in Fighting
  8622 | D:6      | Found an ancient bone altar of Kikubaaqudgha.
  8740 | D:6      | Reached skill level 8 in Unarmed Combat
  8940 | D:6      | Noticed Eustachio
  8949 | D:6      | Killed Eustachio
  9125 | D:7      | Reached skill level 3 in Transmutations
  9125 | D:7      | Reached skill level 1 in Poison Magic
  9217 | D:7      | Got a translucent marble ring
  9218 | D:7      | Identified the ring "Xuclolicla" {Fire -Tele rN++ Dex+5} (You found it on level 7 of the Dungeon)
  9429 | D:7      | Reached skill level 4 in Fighting
 10055 | D:7      | Reached XP level 9. HP: 47/59 MP: 12/12
 10125 | D:7      | Found Iqokuy's Assorted Antiques.
 10133 | D:7      | Bought a scroll labeled NUMUDAOJIRR for 31 gold pieces
 10133 | D:7      | Bought a scroll labeled GUSIHI FALONED for 31 gold pieces
 10133 | D:7      | Bought a scroll labeled VOMEUD SOZEGU for 31 gold pieces
 10133 | D:7      | Bought a scroll labeled GOAF OR NUIGIOSI for 31 gold pieces
 10133 | D:7      | Bought a scroll of identify for 62 gold pieces
 10133 | D:7      | Bought a scroll of identify for 62 gold pieces
 10133 | D:7      | Bought a scroll of identify for 62 gold pieces
 10253 | D:8      | Noticed Pikel
 10533 | D:5      | Killed Sigmund
 10533 | D:5      | Reached skill level 5 in Fighting
 10533 | D:5      | Reached skill level 9 in Unarmed Combat
 10791 | D:3      | Gained mutation: You are missing a hand. [Ru sacrifice]
 10791 | D:3      | Reached ** piety under Ru
 10791 | D:3      | Reached *** piety under Ru
 10818 | D:3      | Found a shattered altar of Ashenzari.
 10835 | D:3      | Killed Grinder
 10900 | D:4      | Killed Edmund
 10900 | D:4      | Reached skill level 3 in Evocations
 11718 | D:7      | Reached skill level 6 in Fighting
 12917 | D:8      | Reached skill level 4 in Evocations
 13059 | D:8      | Found a staircase to the Lair.
 13996 | D:9      | Found a white marble altar of Elyvilon.
 14093 | D:9      | Noticed a two-headed ogre
 14433 | D:9      | Noticed a two-headed ogre
 14458 | D:9      | Killed a two-headed ogre
 14458 | D:9      | Reached skill level 7 in Fighting
 14458 | D:9      | Reached skill level 10 in Unarmed Combat
 14458 | D:9      | Reached skill level 5 in Evocations
 14458 | D:9      | Reached XP level 10. HP: 38/71 MP: 14/14
 14761 | D:9      | Killed a two-headed ogre
 14781 | D:9      | Lost mutation: You are agile. (Dex +2) [Ru sacrifice]
 14781 | D:9      | Gained mutation: You are clumsy. (Dex -2) [Ru sacrifice]
 14781 | D:9      | Reached **** piety under Ru
 14781 | D:9      | Reached ***** piety under Ru
 14995 | D:9      | Found a staircase to the Orcish Mines.
 15352 | D:9      | Reached skill level 8 in Fighting
 15429 | D:9      | Reached skill level 6 in Dodging
 15854 | D:9      | Noticed Blork the orc
 15971 | D:9      | Killed Blork the orc
 15973 | D:9      | Found a deep blue altar of Sif Muna.
 16044 | D:9      | Reached skill level 11 in Unarmed Combat
 16603 | D:9      | Noticed an obsidian statue
 16929 | D:9      | Noticed a two-headed ogre
 16954 | D:9      | Killed a two-headed ogre
 16954 | D:9      | Reached skill level 7 in Dodging
 16954 | D:9      | Reached XP level 11. HP: 77/77 MP: 15/15
 17083 | D:10     | Entered Level 10 of the Dungeon
 17148 | D:10     | Killed Pikel
 17536 | D:10     | Noticed Harold
 17550 | D:10     | HP: 17/77 [Harold/bolt of fire (26)]
 17899 | D:9      | Reached skill level 8 in Dodging
 18021 | D:9      | Learned a level 4 spell: Ice Form
 18294 | D:10     | Reached skill level 12 in Unarmed Combat
 18382 | D:10     | Got a steaming whip
 18472 | D:10     | Reached skill level 4 in Transmutations
 18507 | D:10     | Killed Harold
 18507 | D:10     | Reached skill level 1 in Ice Magic
 18533 | D:10     | HP: 34/115 [killer bee (1)]
 19135 | D:10     | Gained mutation: You have somewhat slow reflexes. (EV -5) [Ru sacrifice]
 19135 | D:10     | Reached ****** piety under Ru
 19166 | D:10     | Reached skill level 2 in Ice Magic
 19521 | D:11     | Noticed a two-headed ogre
 19529 | D:11     | Killed a two-headed ogre
 19529 | D:11     | Reached skill level 5 in Transmutations
 19591 | D:11     | Noticed a two-headed ogre
 19681 | D:11     | Reached skill level 3 in Ice Magic
 19889 | D:11     | Found Offeulail's Antique Weapon Shoppe.
 20203 | D:11     | Noticed Erolcha
 20343 | D:11     | Noticed Erica
 20381 | D:11     | Killed Erolcha
 20381 | D:11     | Reached skill level 4 in Ice Magic
 20381 | D:11     | Reached XP level 12. HP: 84/84 MP: 16/16
 20898 | Lair:1   | Entered Level 1 of the Lair of Beasts
 21237 | Lair:1   | HP: 25/84 [wolf (6)]
 21238 | Lair:1   | Reached skill level 5 in Ice Magic
 21244 | Lair:1   | HP: 15/84 [wolf (5)]
 21247 | Lair:1   | Reached skill level 9 in Fighting
 21361 | Lair:1   | Reached skill level 13 in Unarmed Combat
 22717 | Lair:2   | Found a dark tunnel.
 22726 | Volcano  | Entered a volcano
 22903 | Volcano  | Noticed a two-headed ogre
 22913 | Volcano  | Killed a two-headed ogre
 22926 | Volcano  | Killed a two-headed ogre
 23034 | Volcano  | Reached skill level 6 in Ice Magic
 23398 | Lair:2   | Noticed an eight-headed hydra
 23410 | Lair:2   | Killed an eight-headed hydra
 23606 | Lair:2   | Reached skill level 6 in Transmutations
 23716 | Lair:2   | Reached skill level 10 in Fighting
 23897 | Lair:2   | Reached XP level 13. HP: 32/92 MP: 17/17
 23905 | Lair:2   | HP: 25/92 [blink frog (12)]
 24182 | Lair:2   | Found a hole to the Spider Nest.
 24496 | Lair:2   | Reached skill level 7 in Transmutations
 24637 | Lair:3   | Found a staircase to the Shoals.
 25203 | Lair:3   | Reached skill level 14 in Unarmed Combat
 25594 | Lair:3   | Reached skill level 9 in Dodging
 25725 | Lair:3   | Identified a scroll of acquirement
 25728 | Lair:3   | Got a warped steel ring
 25730 | Lair:3   | Identified the ring of Daatz {rPois MR+ Str+4 Int+2 SInv} (You acquired it on level 3 of the Lair of Beasts)
 26132 | Lair:3   | Noticed Sonja
 26154 | Lair:3   | Killed Sonja
 26224 | Lair:3   | Got a faintly glowing whip {venom}
 26591 | Lair:4   | Reached skill level 10 in Dodging
 26636 | Lair:4   | Found a labyrinth entrance.
 26648 | Lab      | Entered a labyrinth
 26823 | Lab      | Noticed a minotaur
 26828 | Lab      | Killed a minotaur
 26940 | Lab      | Got a steaming ruby amulet
 26953 | Lair:4   | Identified the amulet "Tiet" {+Rage rPois rC+} (You found it in a labyrinth)
 27628 | Lair:4   | HP: 26/92 [wolf spider (11)]
 27633 | Lair:4   | HP: 26/110 [poisoned by a wolf spider]
 27638 | Lair:4   | HP: 22/110 [poisoned by a wolf spider]
 27644 | Lair:4   | HP: 20/110 [poisoned by a wolf spider]
 27649 | Lair:4   | HP: 19/110 [poisoned by a wolf spider]
 27654 | Lair:4   | HP: 21/110 [poisoned by a wolf spider]
 27659 | Lair:4   | HP: 22/110 [poisoned by a wolf spider]
 27667 | Lair:4   | HP: 26/110 [poisoned by a wolf spider]
 27817 | Lair:4   | Reached skill level 15 in Unarmed Combat
 28084 | Lair:4   | Reached XP level 14. HP: 86/99 MP: 11/18
 28345 | Lair:4   | Reached skill level 11 in Dodging
 28435 | Lair:5   | Found a staircase to the Slime Pits.
 28435 | Lair:5   | Found a viscous altar of Jiyva.
 29573 | Lair:6   | Entered Level 6 of the Lair of Beasts
 30452 | Lair:6   | Reached skill level 12 in Dodging
 30834 | Lair:6   | HP: 29/118 [death yak (15)]
 30846 | Lair:6   | HP: 32/118 [death yak (14)]
 31177 | Lair:6   | Reached skill level 16 in Unarmed Combat
 32402 | Lair:3   | Reached skill level 13 in Dodging
 32569 | Lair:1   | Reached skill level 11 in Fighting
 32569 | Lair:1   | Reached XP level 15. HP: 68/106 MP: 19/19
 32755 | D:9      | Got a heavily runed amethyst amulet
 32757 | D:9      | Identified the amulet of Fyzaegez {Inacc *Contam +Blink rElec Str-2} (You found it on level 9 of the Dungeon)
 32773 | D:9      | Gained mutation: You expend magic power (3 MP) to strengthen your wands. [mutagenic glow]
 33503 | D:11     | Killed Erica
 33672 | D:12     | Learned a level 3 spell: Regeneration
 33841 | D:12     | Found an opulent altar of Gozag.
 34257 | D:13     | Noticed Maurice
 34312 | D:13     | Killed Maurice
 34336 | D:13     | Noticed Nessos
 34346 | D:13     | Killed Nessos
 34395 | D:13     | Found a frozen archway.
 34415 | IceCv    | Entered an ice cave
 34431 | IceCv    | HP: 27/129 [death yak simulacrum (17)]
 34434 | IceCv    | HP: 7/194 [death yak simulacrum (11)]
 34434 | IceCv    | HP: 3/194 [death yak simulacrum (4)]
 34435 | IceCv    | Slain by a wolf spider simulacrum

Vault maps used:
D:1:      eino_arrival_water_star
D:2:      first_bread
D:3:      cheibrodos_ashenzari_chains, tgw_trog, serial_corexii_hall,
          corexii_hall_statues_t, corexii_hall_statues_x,
          corexii_hall_statues_t, corexii_hall_statues_t, uniq_grinder
D:4:      tso_oasis_becter, nicolae_ru_the_path_less_chosen, uniq_edmund
D:5:      minmay_temple_entry_nine_rooms, serial_shops, kennysheep_mini_moat,
          uniq_sigmund, uniq_ijyb
D:6:      kiku_gazebo_pond_becter, uniq_eustachio
D:7:      serial_shops, shop
D:8:      lair_entry_dummy, uniq_pikel
D:9:      minmay_statue_hallways, elyvilon_altar_4, tgw_sif, david_orc_2,
          david_nohive_1
D:10:     fountainhead, minivault_5, uniq_harold
D:11:     serial_shops, shop, uniq_erolcha, uniq_erica
D:12:     basic_altar, kb_lookout_dungeons_type
D:13:     serial_shops, shop, portal_ice_cave_demonic_guard,
          minmay_misc_feat_nine_boxes, uniq_nessos, uniq_maurice
Temple:   eino_temple_scatter_basement
Lair:1:   grunt_megastairs_4, minmay_lair_oklob_chamber
Lair:2:   spider_nest_entry_a, nicolae_volcano_entry_lava_flow
Lair:3:   elwin_shoals_entry_stream, uniq_sonja
Lair:4:   minmay_lair_venomous_thicket, lab_entry_generic,
          grunt_forest_small_clearings, hangedman_lair_unloving_vines,
          grunt_megastairs_3, infiniplex_staircase_pool
Lair:5:   slime_altar_1, serial_bayou_shore_a, serial_bayou_shore_b
Lair:6:   hangedman_lair_caniforms_friends
Lab:      nicolae_lab_do_over, labyrinth_glass_1
IceCv:    ice_cave_small_necro
Volcano:  volcano_village

Action                   |  1- 3 |  4- 6 |  7- 9 | 10-12 | 13-15 || total
-------------------------+-------+-------+-------+-------+-------++-------
Melee: Unarmed           |   100 |   134 |   305 |   628 |   885 ||  2052
       Constrict         |    22 |    17 |    34 |    77 |    73 ||   223
       Kick              |     8 |       |       |       |       ||     8
       Tentacles         |     6 |    13 |    26 |   133 |   149 ||   327
       Punch             |     1 |       |     7 |    69 |    74 ||   151
 Fire: Hunting sling     |       |     6 |       |       |       ||     6
Throw: Stone             |    35 |    45 |    38 |    95 |    98 ||   311
 Cast: Beastly Appendage |     6 |       |       |       |       ||     6
       Spider Form       |     4 |     7 |    33 |    18 |     7 ||    69
       Sticks to Snakes  |       |    23 |    20 |    12 |     7 ||    62
       Ice Form          |       |       |       |       |    29 ||    29
Invok: Sacrifice Courage |       |       |     1 |       |       ||     1
       Sacrifice a Hand  |       |       |     1 |       |       ||     1
       Sacrifice Purity  |       |       |       |     1 |       ||     1
       Apocalypse        |       |       |       |     5 |     3 ||     8
       Sacrifice Health  |       |       |       |     1 |       ||     1
       Power Leap        |       |       |       |     1 |       ||     1
       Draw Out Power    |       |       |       |       |     4 ||     4
 Abil: End Transformatio |     2 |     1 |     8 |     6 |     8 ||    25
Evoke: Wand              |       |       |     5 |    24 |    25 ||    54
       Lightning rod     |       |       |       |     2 |     2 ||     4
       Lamp of fire      |       |       |       |       |     3 ||     3
  Use: Potion            |       |     5 |       |     3 |     4 ||    12
       Scroll            |       |     5 |     7 |    14 |     4 ||    30
 Stab: Sleeping          |     4 |     1 |     3 |     5 |     2 ||    15
       Distracted        |       |     3 |     1 |    11 |    12 ||    27
       Paralysed         |       |       |     7 |    27 |     8 ||    42
       Invisible         |       |       |     2 |     7 |     8 ||    17
  Eat: Chunk             |     6 |    10 |    20 |    14 |    23 ||    73
       Bread ration      |       |     1 |     1 |     2 |       ||     4
       Royal jelly       |       |     1 |       |     3 |     2 ||     6
       Fruit             |       |       |     3 |     7 |    14 ||    24
       Meat ration       |       |       |     1 |       |     1 ||     2
Armor: Skin              |    15 |    11 |     7 |    36 |    54 ||   123
Dodge: Dodged            |    70 |   101 |   221 |   388 |   443 ||  1223
